 Dungeon Crawl Stone Soup version 0.26.1-2-gb8aa6d0cf2 (webtiles) character file.

Game seed: 3983970877688811200

429 Gadfly the Skirmisher (level 6, -3/62 HPs)
             Began as an Ogre Monk on Feb 12, 2021.
             Killed by divine providence
             ... invoked by an orc priest
              (15 damage)
             ... on level 5 of the Dungeon.
             The game lasted 00:06:45 (5159 turns).

Gadfly the Skirmisher (Ogre Monk)                   Turns: 5159, Time: 00:06:51

Health: -3/62      AC: 10    Str: 18    XL:     6   Next: 98%
Magic:  7/7        EV: 10    Int:  9    God:
Gold:   162        SH:  0    Dex:  9    Spells: 5/5 levels left

rFire    . . .     SeeInvis .   a - +0 flail (drain)
rCold    . . .     Faith    .   (no shield)
rNeg     . . .     Spirit   .   l - +0 robe
rPois    .         Reflect  .   (helmet restricted)
rElec    .         Harm     .   q - +0 cloak
rCorr    .         Rampage  .   (gloves unavailable)
Will     .....                  (boots unavailable)
Stlth    +.........             (no amulet)
HPRegen  0.20/turn              i - +4 ring of protection
MPRegen  0.10/turn              (no ring)

@: no status effects
A: large, unfitting armour, molten scales 1, clumsy 1, dopey 1, low mp 1, tough
skin 1, evolution 1
a: no special abilities


You were on level 5 of the Dungeon.
You visited 1 branch of the dungeon, and saw 5 of its levels.

You collected 162 gold pieces.

Inventory:

Hand Weapons
 a - a +0 flail of draining (weapon)
 b - a +2 quarterstaff of chaos
Missiles
 h - 180 stones (quivered)
Armour
 l - a +0 robe (worn)
 q - a +0 cloak (worn)
Jewellery
 i - a +4 ring of protection (left hand)
Scrolls
 f - 3 scrolls of remove curse
 m - 2 scrolls of teleportation
Potions
 c - 5 potions of curing
 d - a potion of cancellation
 e - a potion of resistance
 g - 2 potions of ambrosia
 j - 3 potions of haste
 k - a potion of flight


   Skills:
 - Level 4.0 Fighting
 + Level 3.3 Maces & Flails
 * Level 3.0 Throwing
 * Level 2.4 Armour
 - Level 2.6 Dodging
 - Level 1.4 Stealth
 * Level 3.3 Invocations
 * Level 2.3 Evocations


You had 5 spell levels left.
You didn't know any spells.
Your spell library was empty.

Dungeon Overview and Level Annotations

Branches:
Dungeon (5/15)
 Temple: D:4-7

Altars:
Elyvilon
Gozag
Makhleb
Nemelex Xobeh
Qazlal
Wu Jian

Annotations:
D:2 2 transporters
D:3 2 transporters, hgbash's ghost, amateur HuCj
D:5 Dowan; Duvessa


Innate Abilities, Weirdness & Mutations

You are too large for most types of armour.
You have tough skin. (AC +1)
You are partially covered in molten scales. (AC +2)
You are clumsy. (Dex -2)
You are dopey. (Int -2)
Your magical capacity is low. (-10% MP)
You evolve.


Message History

You hit Duvessa.
Duvessa is moderately wounded.
Duvessa hits you with a +0 short sword.
You completely miss Duvessa.
Duvessa is moderately wounded.
Duvessa hits you but does no damage.
The orc priest calls down the wrath of Beogh upon you.
Beogh smites you!
Dowan gestures wildly while chanting.
Dowan blinks!
Duvessa hits you with a +0 short sword. Dowan hits you but does no damage.
The orc priest calls down the wrath of Beogh upon you.
Beogh smites you! Dowan hits you but does no damage.
The orc priest invokes the aid of Beogh against you.
Beogh smites you!
* * * LOW HITPOINT WARNING * * *
The orc priest mumbles some strange prayers to Beogh against you.
Beogh smites you!
You die...

##......#
.......#
......##
......##
#......####
#...?.....#
#.......#
#..@....#
##...e...#
##....e..##
#..$.......#
#..........#
#.......###o#
##....###


oo. #.... ....# ....# .#..# You could see Duvessa, Dowan, 2 orc priests and an
orc.

Vanquished Creatures
  An orc warrior (D:4)
  A howler monkey (D:4)
  A hound (D:4)
  2 orc wizards (D:4)
  An iguana (D:2)
  Crazy Yiuf (D:2)
  Terence (D:2)
  3 adders
  2 oozes
  An adder skeleton (D:3)
  4 dart slugs
  2 leopard geckos
  14 orcs
  A giant cockroach (D:1)
  7 goblins
  4 hobgoblins
  10 jackals
  A quokka (D:4)
  A ball python (D:2)
  6 bats
  6 frilled lizards
  6 kobolds
  A rat (D:2)
77 creatures vanquished.

Vanquished Creatures (others)
  A fungus (D:2)
1 creature vanquished.

Grand Total: 78 creatures vanquished

Notes
Turn   | Place    | Note
-------+----------+-------------------------------------------
     0 | D:1      | Gadfly the Ogre Monk began the quest for the Orb.
     0 | D:1      | Reached XP level 1. HP: 24/24 MP: 1/1
   306 | D:1      | Reached XP level 2. HP: 25/32 MP: 2/2
   962 | D:1      | Reached skill level 1 in Invocations
  1135 | D:1      | Gained mutation: You are strong-willed. (Will+) [potion of
                  | mutation]
  1135 | D:1      | Gained mutation: You are partially covered in yellow
                  | scales. (AC +2) [potion of mutation]
  1135 | D:1      | Gained mutation: Armour fits poorly on your strangely
                  | shaped body. [potion of mutation]
  1135 | D:1      | Gained mutation: You are mostly covered in yellow scales.
                  | (AC +3) [potion of mutation]
  1136 | D:1      | Lost mutation: Armour fits poorly on your strangely shaped
                  | body. [potion of mutation]
  1136 | D:1      | Lost mutation: You are strong-willed. (Will+) [potion of
                  | mutation]
  1136 | D:1      | Lost mutation: You are mostly covered in yellow scales. (AC
                  | +3) [potion of mutation]
  1136 | D:1      | Gained mutation: Potions are less effective at restoring
                  | your health. [potion of mutation]
  1136 | D:1      | Gained mutation: Scrolls take you a little longer to read.
                  | [potion of mutation]
  1136 | D:1      | Gained mutation: You have sharp toenails. [potion of
                  | mutation]
  1137 | D:1      | Lost mutation: Potions are less effective at restoring your
                  | health. [potion of mutation]
  1137 | D:1      | Lost mutation: Scrolls take you a little longer to read.
                  | [potion of mutation]
  1137 | D:1      | Lost mutation: You have sharp toenails. [potion of
                  | mutation]
  1137 | D:1      | Lost mutation: You are partially covered in yellow scales.
                  | (AC +2) [potion of mutation]
  1137 | D:1      | Gained mutation: Your magical capacity is low. (-10% MP)
                  | [potion of mutation]
  1137 | D:1      | Gained mutation: You are clumsy. (Dex -2) [potion of
                  | mutation]
  1137 | D:1      | Gained mutation: You evolve. [potion of mutation]
  1207 | D:1      | Reached XP level 3. HP: 27/39 MP: 3/3
  1208 | D:1      | Reached skill level 1 in Throwing
  1406 | D:2      | Reached skill level 1 in Armour
  1406 | D:2      | Reached skill level 1 in Evocations
  1427 | D:2      | Gained mutation: You are dopey. (Int -2) [evolution]
  1651 | D:2      | Reached XP level 4. HP: 48/48 MP: 4/4
  1787 | D:2      | Found a transporter.
  1789 | D:2      | Found a burning altar of Makhleb.
  1790 | D:2      | Found a stormy altar of Qazlal.
  1792 | D:2      | Found an ornate altar of the Wu Jian Council.
  1794 | D:2      | Noticed an orc warrior
  1861 | D:2      | Noticed Terence
  1899 | D:2      | Killed Terence
  2331 | D:2      | Found a runed translucent door.
  2332 | D:2      | Noticed Crazy Yiuf
  2350 | D:2      | Killed Crazy Yiuf
  2351 | D:2      | Reached XP level 5. HP: 22/54 MP: 6/6
  2685 | D:2      | Found a transporter.
  3038 | D:3      | Found a transporter.
  3045 | D:3      | Found a transporter.
  3049 | D:3      | Noticed hgbash's ghost (amateur HuCj)
  3286 | D:3      | Found an opulent altar of Gozag.
  3648 | D:3      | Gained mutation: You are partially covered in molten
                  | scales. (AC +2) [evolution]
  3902 | D:3      | Found a sparkling altar of Nemelex Xobeh.
  3908 | D:3      | Found a white marble altar of Elyvilon.
  4073 | D:4      | Reached XP level 6. HP: 60/62 MP: 7/7
  4586 | D:4      | Noticed an orc warrior
  4598 | D:4      | Killed an orc warrior
  5147 | D:5      | Entered Level 5 of the Dungeon
  5147 | D:5      | Noticed Duvessa
  5149 | D:5      | Noticed Dowan
  5159 | D:5      | Killed from afar by an orc priest

Illustrated notes

Levels and vault maps discovered:
D:1:      dpeg_arrival_radiant, layout_loops_corners
D:2:      layout_loops_ring, gammafunk_temple_overflow_arena, uniq_terence,
          uniq_crazy_yiuf_cottage
D:3:      layout_loops_corners, overflow_temple_1_default,
          amethyst_overflow_temple_binary, gammafunk_ghost_stat_death
D:4:      layout_basic
D:5:      lemuel_upstairs_altar, layout_layer_cave, minmay_temple_entry_hall,
          corexii_shack, minmay_misc_feat_five, uniq_duvessa

Skill      XL: |  1  2  3  4  5  6 |
---------------+-------------------+-----
Invocations    | 1 2 3 |  3.3
Throwing       | 1 2 3 |  3.0
Armour         | 1 2 |  2.4
Evocations     | 1 2 |  2.3
Maces & Flails | 3 |  3.3
Fighting       | |  4.0
Dodging        | |  2.6
Stealth        | |  1.4

Action                   |  1- 3 |  4- 6 || total
-------------------------+-------+-------++-------
Melee: Mace              |    16 |       ||    16
       Short sword       |    85 |    72 ||   157
       Flail             |       |    60 ||    60
       Quarterstaff      |       |   101 ||   101
Throw: Stone             |       |     4 ||     4
  Use: Scroll            |     4 |     9 ||    13
       Potion            |     3 |     1 ||     4
 Stab: Sleeping          |     1 |     3 ||     4
       Paralysed         |       |     1 ||     1
Armor: Robe              |    64 |    87 ||   151
Dodge: Dodged            |    93 |   146 ||   239
